 Dungeon Crawl Stone Soup version 0.30-a0-743-gbfdf073431 (webtiles) character file.

Game seed: 17802253780018719928

11912 browni3141 the Cleaver (level 11, -3/83 HPs)
             Began as a Mummy Cinder Acolyte on Feb 7, 2023.
             Was a Priest of Ignis.
             Slain by a large abomination (21 damage)
             ... on level 2 of the Abyss on Feb 8, 2023.
             The game lasted 00:30:40 (10325 turns).

browni3141 the Cleaver (Mummy Cinder Acolyte)      Turns: 10325, Time: 00:30:41

Health: -3/83      AC: 11    Str: 22    XL:     11   Next: 55%
Magic:  13/13      EV: 10    Int: 13    God:    Ignis [***...]
Gold:   230        SH:  4    Dex:  8    Spells: 10/12 levels left

rFire   . . .      SeeInvis +    n - +10 broad axe "Oryvacs" {flame, rElec rN+}
rCold   + . .      Faith    +    t - +0 buckler
rNeg    + + +      Spirit   .    u - +0 ring mail
rPois   ∞          Reflect  .    k - +1 hat
rElec   +          Harm     .    v - +2 cloak
rCorr   .          Rampage  .    z - +0 pair of gloves
Will    +....                    (no boots) Stlth
                                 i - amulet of regeneration
HPRegen 1.13/turn                h - ring of see invisible
MPRegen 0.13/turn                (no ring)

@: no status effects
A: cold resistance 1, negative energy resistance 3, torment resistance 2, heat
vulnerability 1, in touch with death 1, no potions, faith
a: Renounce Religion, Fiery Armour, Foxfire Swarm, Rising Flame


You were on level 2 of the Abyss.
You worshipped Ignis.
Ignis was most pleased with you.
You visited 1 branch of the dungeon, and saw 10 of its levels.
You visited the Abyss 1 time.
You also visited: Bailey.

You collected 612 gold pieces.
You spent 382 gold pieces at shops.

Inventory:

Hand Weapons
 a - a -1 hand axe of flaming
 c - a +2 war axe of venom
 e - a +0 mace
 n - the +10 broad axe "Oryvacs" (weapon) {flame, rElec rN+}
   (You acquired it on level 9 of the Dungeon)

   rElec:     It insulates you from electricity.
   rN:        It protects you from negative energy.
 r - a +2 spear of freezing
 C - a +0 trident
Missiles
 f - 4 boomerangs
 l - 2 throwing nets
 o - 23 poisoned darts
 F - 3 atropa-tipped darts
 I - 3 curare-tipped darts (quivered)
Armour
 b - a +0 robe
 g - a +0 leather armour
 k - a +1 hat (worn)
 t - a +0 buckler (worn)
 u - a +0 ring mail (worn)
 v - a +2 cloak (worn)
 z - a +0 pair of gloves (worn)
Jewellery
 h - a ring of see invisible (left hand)
 i - an amulet of regeneration (around neck)
 y - a +6 ring of intelligence
 D - an amulet of magic regeneration
Wands
 x - a wand of paralysis (2)
 A - a wand of mindburst (8)
 B - a wand of roots (3)
Scrolls
 d - 3 scrolls of enchant armour
 j - 2 scrolls of fear
 m - 3 scrolls of fog
 p - 4 scrolls of teleportation
 q - a scroll of amnesia
 s - 4 scrolls of poison
 w - 3 scrolls of noise
 E - a scroll of torment
 H - a scroll of identify
Miscellaneous
 G - a phantom mirror (inert)


   Skills:
 * Level 6.8 Fighting
 * Level 9.8 Axes
 - Level 3.0 Throwing
 - Level 6.0 Armour
 - Level 4.0 Shields
 - Level 1.3 Spellcasting
 - Level 2.4 Fire Magic
 - Level 8.0 Evocations


You had 10 spell levels left.
You knew the following spells:

 Your Spells              Type           Power      Damage    Failure   Level
a - Scorch                Fire           14%        2d5       30%         2

Your spell library contained the following spells:

 Spells                   Type           Power      Damage    Failure   Level
 Cigotuvi's Dreadful Rot  Necr/Pois/Air  2%         N/A       63%         2
 Ensorcelled Hibernation  Hex/Ice        0%         N/A       63%         2
 Lesser Beckoning         Tloc           0%         N/A       63%         2
 Poisonous Vapours        Pois/Air       0%         N/A       63%         2
 Inner Flame              Hex/Fire       4%         N/A       69%         3
 Gell's Gravitas          Tloc           0%         N/A       85%         3
 Mephitic Cloud           Conj/Pois/Air  0%         N/A       85%         3
 Teleport Other           Tloc           0%         N/A       85%         3
 Flame Wave               Conj/Fire      4%         2d5       97%         4
 Sticky Flame             Conj/Fire      4%         2d3       97%         4
 Anguish                  Hex/Necr       0%         N/A       99%         4
 Spider Form              Tmut/Pois      Unusable   N/A       N/A         3

Dungeon Overview and Level Annotations

Branches:
Dungeon (10/15)            Temple (0/1) D:5            Lair (0/5) D:10
 Bailey (visited)
    Orc: D:9-12

Altars:
Ashenzari
Fedhas
Qazlal
Sif Muna
Uskayaw

Shops:
D:3 ?   D:8 *

Annotations:
D:6 exclusion: oklob plant
D:10 Sonja


Innate Abilities, Weirdness & Mutations

You are immune to poison.
Your flesh is cold resistant. (rC+)
You are immune to negative energy. (rN+++)
You are immune to unholy pain and torment.
You are vulnerable to heat. (rF-)
You are in touch with the powers of death.
You do not drink.
You have a special connection with the divine. (Faith)


Message History

Here: a large abomination (moderately damaged)
The floor.
Unknown command.
Aiming: Fastroot
Press: ? - help, Shift-Dir - straight line, f - large abomination
Aim: a large abomination (moderately damaged)
The roots erupt in riotous growth!
Roots grab the large abomination.
The grasping roots constrict the large abomination!
The large abomination hits you.
* * * LOW HITPOINT WARNING * * *
The grasping roots constrict the large abomination!
The large abomination struggles to escape constriction.
The grasping roots constrict the large abomination.
The large abomination struggles to escape constriction.
The grasping roots constrict the large abomination.
The large abomination escapes!
Aiming: Fastroot
Press: ? - help, Shift-Dir - straight line, f/p - large abomination
Aim: a large abomination (almost destroyed)
The roots erupt in riotous growth!
Roots grab the large abomination.
The grasping roots constrict the large abomination!
You destroy the large abomination!
You start resting.
The substance of the Abyss twists violently, and a gateway leading out appears!
You start resting.
A large abomination comes into view.
Aiming: Fastroot
Press: ? - help, Shift-Dir - straight line, f - large abomination
Aim: a large abomination The roots erupt in riotous growth!
Roots grab the large abomination.
The grasping roots constrict the large abomination.
Something shouts, "Remove thy stench, thou froward dizzy-eyed bum-bailey!"
You slash the large abomination! You burn the large abomination.
The large abomination is moderately damaged.
The grasping roots constrict the large abomination!
The large abomination hits you!!
You die...

## . # ##.#
...#.# .#...#
# # ..#.#
####.#.. ##
### #.#X# #. #
...#.@.# #. #.
##.#.### .#. .
#.####. #.. #
##..#..#.##...
#. .##.. ## #.
# .. .
##.####### X#
.. ## ## #
#.## ...#


You could see a large abomination (rooted).

Vanquished Creatures
  A vault guard (Bailey)
  Harold (D:9)
  2 thrashing horrors (Abyss:2)
  Amaemon (D:8)
  A large abomination (Abyss:2)
  A wretched star (Abyss:2)
  An ugly thing (Abyss:2)
  An orange demon (D:8)
  Psyche (D:8)
  A troll (D:10)
  Prince Ribbit (Bailey)
  A hornet (D:9)
  A raiju (Abyss:2)
  A shadow (D:9)
  3 humans (Bailey)
  A wyvern (D:9)
  A vampire (D:10)
  A steam dragon (D:6)
  Menkaure (D:6)
  An acid dragon (D:9)
  Edmund (D:4)
  4 water moccasins
  A sky beast (D:6)
  3 orc warriors
  An ice beast (D:6)
  2 black bears
  2 wolves (D:10)
  An ogre (D:7)
  5 centaurs
  3 phantoms
  3 kobold brigands (D:9)
  2 necrophages (D:7)
  3 scorpions
  3 gnoll sergeants
  16 bullfrogs
  9 killer bees
  3 howler monkeys
  2 electric eels (D:10)
  4 hounds (D:10)
  3 orc priests
  A jelly (D:4)
  5 iguanas
  2 orc wizards
  11 gnolls
  5 adders
  2 shadow imps
  2 white imps
  3 worms
  3 dart slugs
  13 orcs
  8 bats
  12 endoplasms
  6 giant cockroaches
  8 goblins
  9 hobgoblins
  10 jackals
  18 kobolds
  6 quokkas
  4 ball pythons
  4 frilled lizards
  7 rats
233 creatures vanquished.

Vanquished Creatures (others)
  14 foxfires (D:6)
  A plant (D:2)
  13 toadstools (D:6)
28 creatures vanquished.

Grand Total: 261 creatures vanquished

Notes
Turn   | Place    | Note
-------+----------+-------------------------------------------
     0 | D:1      | browni3141 the Mummy Cinder Acolyte began the quest for the
                  | Orb.
     0 | D:1      | Reached XP level 1. HP: 18/18 MP: 2/2
   146 | D:1      | Reached XP level 2. HP: 14/24 MP: 4/4
   149 | D:1      | Reached skill level 3 in Axes
   441 | D:1      | Gained mutation: You are in touch with the powers of death.
                  | [Mummy growth]
   441 | D:1      | Reached XP level 3. HP: 27/29 MP: 5/5
  1151 | D:2      | Found a blossoming altar of Fedhas.
  1300 | D:2      | Reached skill level 4 in Axes
  1354 | D:2      | Reached XP level 4. HP: 31/35 MP: 6/6
  1463 | D:2      | Learned a level 2 spell: Scorch
  1750 | D:3      | Found Zudonem's Magic Scroll Shoppe.
  1766 | D:3      | Bought a scroll of identify for 26 gold pieces
  1766 | D:3      | Bought a scroll of identify for 26 gold pieces
  1768 | D:3      | Bought a scroll of vulnerability for 52 gold pieces
  1768 | D:3      | Bought a scroll of fog for 52 gold pieces
  2068 | D:3      | Found a stormy altar of Qazlal.
  2158 | D:3      | Found a faded altar of an unknown god.
  2395 | D:4      | Noticed Edmund
  2492 | D:3      | Reached XP level 5. HP: 35/41 MP: 7/7
  2587 | D:4      | Reached skill level 5 in Axes
  2616 | D:4      | Noticed a phantom
  2632 | D:4      | Reached XP level 6. HP: 33/47 MP: 3/8
  2638 | D:4      | Reached skill level 6 in Axes
  2710 | D:4      | Reached skill level 1 in Throwing
  2740 | D:4      | Killed Edmund
  2741 | D:4      | Reached XP level 7. HP: 50/52 MP: 1/9
  3052 | D:5      | Entered Level 5 of the Dungeon
  3531 | D:5      | Found a staircase to the Ecumenical Temple.
  4161 | D:6      | Noticed a steam dragon
  4164 | D:6      | Killed a steam dragon
  4165 | D:6      | Reached skill level 1 in Armour
  4165 | D:6      | Reached skill level 1 in Shields
  4173 | D:6      | Reached skill level 7 in Axes
  4214 | D:6      | Found a hide-covered altar of Uskayaw.
  4253 | D:6      | Reached XP level 8. HP: 43/58 MP: 10/10
  4383 | D:6      | Noticed Menkaure
  4404 | D:6      | Killed Menkaure
  5494 | D:6      | Found a blossoming altar of Fedhas.
  5523 | D:6      | Noticed an oklob plant
  5996 | D:7      | Noticed a two-headed ogre
  6045 | D:7      | Reached skill level 1 in Evocations
  6045 | D:7      | Reached XP level 9. HP: 63/63 MP: 7/11
  6784 | D:8      | Found Maevvu's Serpentskin Sales.
  6800 | D:8      | Reached skill level 8 in Axes
  6848 | D:8      | Bought a +2 war axe of venom for 226 gold pieces
  7083 | D:8      | Found a broken altar of Ashenzari.
  7083 | D:8      | Found a shimmering blue altar of Sif Muna.
  7180 | D:8      | Noticed Psyche
  7190 | D:8      | Killed Psyche
  8049 | D:8      | Noticed an orange demon
  8109 | D:8      | Noticed Amaemon
  8123 | D:8      | Killed Amaemon
  8124 | D:8      | Reached skill level 5 in Evocations
  8138 | D:8      | Killed an orange demon
  8139 | D:8      | Reached skill level 9 in Axes
  8139 | D:8      | Reached XP level 10. HP: 46/70 MP: 12/12
  8294 | D:9      | Noticed Harold
  8302 | D:9      | Killed Harold
  8618 | D:9      | Found a flagged portal.
  8664 | Bailey   | Entered a bailey
  8796 | Bailey   | Noticed Prince Ribbit
  8826 | Bailey   | Noticed a vault guard
  8862 | Bailey   | Killed a vault guard
  8889 | Bailey   | Killed Prince Ribbit
  8890 | Bailey   | Reached skill level 5 in Armour
  8943 | Bailey   | Noticed a vault guard
  9079 | D:9      | Reached XP level 11. HP: 56/78 MP: 13/13
  9493 | D:9      | Reached skill level 5 in Fighting
  9604 | D:9      | Identified a scroll of acquirement
  9605 | D:9      | Acquired the +10 broad axe "Oryvacs" {flame, rElec rN+}
  9651 | D:10     | Entered Level 10 of the Dungeon
  9902 | D:10     | Found a staircase to the Lair.
 10127 | D:10     | Noticed Sonja
 10136 | Abyss:2  | Cast into level 2 of the Abyss (Sonja)
 10140 | Abyss:2  | Noticed a purple ugly thing
 10140 | Abyss:2  | Noticed a purple ugly thing
 10157 | Abyss:2  | Noticed a starcursed mass
 10181 | Abyss:2  | Killed a purple ugly thing
 10244 | Abyss:2  | Noticed a wretched star
 10253 | Abyss:2  | Killed a wretched star
 10264 | Abyss:2  | Noticed a thrashing horror
 10264 | Abyss:2  | Noticed a thrashing horror
 10279 | Abyss:2  | Killed a thrashing horror
 10281 | Abyss:2  | Killed a thrashing horror
 10298 | Abyss:2  | Noticed a large abomination
 10319 | Abyss:2  | Killed a large abomination
 10325 | Abyss:2  | Slain by a large abomination

Illustrated notes

Levels and vault maps discovered:
D:1:      heliophobic_arrival_glass_houses, layout_loops_ring
D:2:      minmay_chambers_of_twos, layout_rooms, basic_altar, minivault_19,
          serial_bayou_pond_d
D:3:      layout_basic, grunt_temple_overflow_open, serial_shops,
          nicolae_shop_competitors_out_of_business,
          chequers_ecumenical_altar_grove, chequers_mini_garden
D:4:      layout_rooms, uniq_edmund
D:5:      layout_gridville, minmay_temple_entry_grid
D:6:      layout_loops_corners, nicolae_uskayaw_dance_hall, tgw_fedhas,
          minmay_misc_feat_tower, uniq_menkaure
D:7:      layout_loops_ring
D:8:      layout_layer_cave, gammafunk_temple_overflow_statue,
          guppyfry_shop_venom, uniq_psyche, uniq_amaemon
D:9:      layout_basic, enter_bailey_8, uniq_harold
D:10:     layout_cave_pools, nicolae_overflow_hidden_temple, erik_lair_island,
          uniq_joseph, uniq_sonja
Abyss:2:  base:
D:10

Skill      XL: |  1  2  3  4  5  6  7  8  9 10 11 |
---------------+----------------------------------+-----
Axes           | 3 4 5 6 7 9 |  9.8
Throwing       | 2 3 |  3.0
Armour         | 1 4 5 6 |  6.0
Shields        | 2 4 |  4.0
Evocations     | 1 5 8 |  8.0
Fighting       | 4 6 |  6.8
Spellcasting   | |  1.3
Fire Magic     | |  2.4

Action                     |  1- 3 |  4- 6 |  7- 9 | 10-12 || total
---------------------------+-------+-------+-------+-------++-------
  Melee: Hand axe          |    69 |   152 |    46 |       ||   267
         Mace              |    56 |       |       |       ||    56
         Punch             |     1 |       |       |       ||     1
         Spear             |       |       |   186 |       ||   186
         Trident           |       |       |    82 |       ||    82
         War axe           |       |       |    48 |   145 ||   193
         Broad axe         |       |       |       |    94 ||    94
  Throw: Boomerang         |    12 |     9 |       |       ||    21
         Dart              |       |       |     2 |     5 ||     7
   Cast: Scorch            |       |     4 |    52 |       ||    56
 Invoke: Fiery Armour      |     1 |     2 |       |     1 ||     4
         Foxfire Swarm     |       |       |     1 |       ||     1
  Evoke: Wand              |       |       |     2 |     7 ||     9
         Phantom mirror    |       |       |       |     1 ||     1
    Use: Scroll            |       |     2 |     7 |     6 ||    15
   Stab: Sleeping          |     1 |       |       |       ||     1
         Paralysed         |       |       |    14 |       ||    14
 Armour: Robe              |    19 |       |       |       ||    19
         Leather armour    |    21 |    52 |    10 |       ||    83
         Ring mail         |       |       |   137 |   164 ||   301
  Dodge: Dodged            |    81 |   102 |   159 |   167 ||   509
  Block: Buckler           |       |       |    65 |    56 ||   121

Table legend: (Time is in decaauts)
 A = Elapsed time spent in this place.
 B = Non-inter-level travel time spent in this place.
 C = Inter-level travel time spent in this place.
 D = Time resting spent in this place.
 E = Time spent auto-exploring this place.
 F = Levels seen in this place.
 G = Mean time per level.
                   A        B        C        D        E       F      G
               +--------+--------+--------+--------+--------+-----+--------+
         Total |  10403 |   9747 |    656 |    601 |   6777 |  12 |  866.9 |
       Dungeon |   9895 |   9239 |    656 |    463 |   6718 |  10 |  989.5 |
         Abyss |    196 |    196 |      0 |     95 |      0 |   1 |  196.0 |
        Bailey |    311 |    311 |      0 |     43 |     59 |   1 |  311.0 |
               +--------+--------+--------+--------+--------+-----+--------+

Top non-repeatable levels by time:
     D:8: 1654 daAuts
     D:6: 1352 daAuts
     D:7: 1143 daAuts
     D:1: 1099 daAuts
     D:5: 1089 daAuts
     D:9: 970 daAuts
     D:3: 763 daAuts
     D:2: 682 daAuts
     D:4: 641 daAuts
    D:10: 496 daAuts
  Bailey: 311 daAuts
 Abyss:2: 196 daAuts
